 Dungeon Crawl Stone Soup version 0.31-a0-219-g8d62b2e7bb (webtiles) character file.

Game seed: 14328342710172808233

73 Barbarella the Cudgeller (level 4, -1/39 HPs)
             Began as a Minotaur Berserker on July 1, 2023.
             Was a Believer of Trog.
             Slain by an orc wizard
             ... wielding a +0 dagger
              (2 damage)
             ... on level 2 of the Dungeon on July 3, 2023.
             The game lasted 00:05:18 (2337 turns).

Barbarella the Cudgeller (Minotaur Berserker)       Turns: 2337, Time: 00:05:19

Health: -1/39      AC:  2    Str: 24    XL:     4   Next: 8%
Magic:  3/3        EV: 12    Int:  4    God:    Trog [**....]
Gold:   137        SH:  0    Dex:  9    Spells: 3/3 levels left

rFire   . . .        a - +0 mace
rCold   . . .        (no shield)
rNeg    . . .        b - +0 animal skin
rPois   .            (helmet restricted)
rElec   .            (no cloak)
rCorr   .            (no gloves)
SInv    .            (no boots)
Will    .....        (no amulet)
Stlth   +            (no ring)
HPRegen 0.26/turn    (no ring)
MPRegen 0.08/turn

%: no passive effects
@: confused, on berserk cooldown, slowed, very slow
A: horns 2, retaliatory headbutt
a: Renounce Religion, Berserk, Trog's Hand


You were on level 2 of the Dungeon.
You worshipped Trog.
Trog was pleased with you.
You visited 1 branch of the dungeon, and saw 3 of its levels.

You collected 137 gold pieces.

Inventory:

Hand Weapons
 a - a +0 mace (weapon)
Armour
 b - a +0 animal skin (worn)
Scrolls
 h - 2 scrolls of amnesia
Potions
 c - a potion of lignification
 e - a potion of enlightenment


   Skills:
 - Level 3.6 Fighting
 * Level 6.0 Maces & Flails
 - Level 2.4 Armour
 - Level 2.1 Dodging


You had 3 spell levels left.
You didn't know any spells.
Your spell library was empty.

Dungeon Overview and Level Annotations

Branches:
Dungeon (3/15)

Altars:


Innate Abilities, Weirdness & Mutations

You have a pair of horns on your head.
You reflexively headbutt those who attack you in melee.


Message History

a +0 mace; a +0 ring mail; an orc corpse You barely miss the orc wizard.
You headbutt the orc wizard.
The orc wizard is moderately wounded.
The orc wizard closely misses you.
You closely miss the orc wizard. You headbutt the orc wizard.
The orc wizard is heavily wounded.
The orc wizard completely misses you.
You hit the orc wizard. Your headbutt misses the orc wizard.
The orc wizard is severely wounded.
You barely miss the orc wizard.
The orc wizard is severely wounded.
The orc wizard hits you but does no damage.
You completely miss the orc wizard.
The orc wizard is severely wounded.
The orc wizard mumbles some strange words.
The orc wizard flickers and vanishes!
Deactivating autopickup; reactivate with Ctrl-A.
You barely miss something. Something hits you.
* * * LOW HITPOINT WARNING * * *
You barely miss something. You closely miss something.
Your headbutt misses something.
You hear some strange, mumbled words.
You are confused.
You're too confused to move!
Something hits you.
* * * LOW HITPOINT WARNING * * *
You closely miss something.
You bump into the rock wall.
You are no longer berserk.
You are exhausted.
You feel yourself slow down.
You hear some strange, mumbled words.
You are more confused.
You miss something. Something barely misses you.
You hear some strange, mumbled words.
A magic dart appears from out of thin air!
The magic dart hits you.
* * * LOW HITPOINT WARNING * * *
Okay, then.
Something hits you.
You die...

.# #####.####...#######...#######
.###.......)†....................
.......#.####..<########.########
.###.#.........## #.# .#
#.###.####### #.# .# #.....# #.#
.# ####### #.# .###### ### #.#
......# ##@#######.# #####.######
#.{)>).....#
#......#####.#########
######..)....# #########


There were no monsters in sight!

Vanquished Creatures
  3 adders (D:2)
  2 orcs (D:2)
  3 ball pythons
  2 endoplasms
  2 giant cockroaches
  3 goblins
  3 hobgoblins
  2 jackals (D:2)
  5 kobolds
  3 quokkas
  5 bats
  4 frilled lizards
  6 rats
43 creatures vanquished.

Notes
Turn   | Place    | Note
-------+----------+-------------------------------------------
     0 | D:1      | Barbarella the Minotaur Berserker began the quest for the
                  | Orb.
     0 | D:1      | Reached XP level 1. HP: 19/19 MP: 0/0
     0 | D:1      | Upgraded the game from 0.31-a0-210-gccc998df9b to
                  | 0.31-a0-219-g8d62b2e7bb
    95 | D:1      | Reached skill level 4 in Maces & Flails
   169 | D:1      | Reached XP level 2. HP: 26/26 MP: 1/1
   811 | D:2      | Reached skill level 5 in Maces & Flails
   811 | D:2      | Reached XP level 3. HP: 29/31 MP: 2/2
   920 | D:2      | Reached ** piety under Trog
   957 | D:2      | Found a faded altar of an unknown god.
  1085 | D:2      | Reached XP level 4. HP: 30/39 MP: 3/3
  1266 | D:2      | Reached skill level 6 in Maces & Flails
  2336 | D:2      | HP: 1/39 [something/magic dart (6)]
  2337 | D:2      | Slain by an orc wizard

Illustrated notes

Levels and vault maps discovered:
D:1:      sevenhm_arrival_forest_fort_small_5, layout_basic,
          serial_bayou_lagoon_a, minmay_misc_feat_nine_boxes,
          kennysheep_pointless_box, minmay_unequal
D:2:      layout_loops_ring, ebering_ecumenical_altar_box
D:3:      layout_rooms, jmf_multi_god_temple, dk_vineyard_2

Skill      XL: |  1  2  3  4 |
---------------+-------------+-----
Maces & Flails | 4 5 6 |  6.0
Fighting       | |  3.6
Armour         | |  2.4
Dodging        | |  2.1

Action                     |  1- 3 |  4- 6 || total
---------------------------+-------+-------++-------
  Melee: Mace              |    74 |    17 ||    91
         Headbutt          |     8 |     4 ||    12
 Invoke: Berserk           |       |     1 ||     1
    Use: Scroll            |       |     7 ||     7
         Potion            |       |     2 ||     2
   Stab: Sleeping          |     1 |       ||     1
 Armour: Animal skin       |    14 |     2 ||    16
  Dodge: Dodged            |    46 |     9 ||    55

Table legend: (Time is in decaauts)
 A = Elapsed time spent in this place.
 B = Non-inter-level travel time spent in this place.
 C = Inter-level travel time spent in this place.
 D = Time resting spent in this place.
 E = Time spent auto-exploring this place.
 F = Levels seen in this place.
 G = Mean time per level.
                   A        B        C        D        E       F      G
               +--------+--------+--------+--------+--------+-----+--------+
         Total |   2357 |   2297 |     60 |    964 |   1101 |   3 |  785.7 |
       Dungeon |   2357 |   2297 |     60 |    964 |   1101 |   3 |  785.7 |
               +--------+--------+--------+--------+--------+-----+--------+

Top non-repeatable levels by time:
     D:2: 1666 daAuts
     D:1: 687 daAuts
     D:3: 2 daAuts
